 Dungeon Crawl Stone Soup version 0.26-a0-850-g97a50ab700 (webtiles) character file.

Game seed: 7474352998657657071

343 dickylongcocking the Digger (level 6, 0/33 HPs)
             Began as a Gargoyle Earth Elementalist on Nov 21, 2020.
             Was an Initiate of Vehumet.
             Slain by Duvessa
             ... wielding a +0 short sword
              (8 damage)
             ... on level 5 of the Dungeon.
             The game lasted 00:02:47 (2514 turns).

dickylongcocking the Digger (GrEE)                  Turns: 2514, Time: 00:02:48

Health: 0/33       AC:  8    Str: 12    XL:     6   Next: 57%
Magic:  3/12       EV: 11    Int: 17    God:    Vehumet [......]
Gold:   231        SH:  0    Dex: 10    Spells: 12/13 levels left

rFire    . . .     SeeInvis .   r - +0 flail
rCold    . . .     Faith    .   (no shield)
rNeg     + . .     Spirit   .   k - +0 leather armour
rPois    ∞         Reflect  .   (no helmet)
rElec    +         Harm     .   (no cloak)
rCorr    .         Rampage  .   (no gloves)
MR       .....                  q - +0 pair of boots
Stlth    ++........             (no amulet)
HPRegen  0.11/turn              (no ring)
MPRegen  0.13/turn              (no ring)

@: attractive, hasted, very quick
A: negative energy resistance 1, electricity resistance, unbreathing,
petrification resistance, rot immunity, AC +4
a: Renounce Religion


You were on level 5 of the Dungeon.
You worshipped Vehumet.
Vehumet was noncommittal.
You visited 2 branches of the dungeon, and saw 5 of its levels.

You collected 231 gold pieces.

Inventory:

Hand Weapons
 g - a +0 dagger
 r - a +0 flail (weapon)
Missiles
 b - 26 stones (quivered)
Armour
 c - a +0 robe
 k - a +0 leather armour (worn)
 q - a +0 pair of boots (worn)
Scrolls
 a - 2 scrolls of identify {unknown}
 d - a scroll of enchant armour {unknown}
 e - 2 scrolls of amnesia {unknown}
 f - 5 scrolls of teleportation {unknown}
 h - a scroll of magic mapping {unknown}
 j - a scroll of blinking {unknown}
 m - a scroll of noise {unknown}
 n - a scroll of remove curse {unknown}
Potions
 i - 2 potions of attraction
 o - a potion of curing {unknown}
 p - a potion of invisibility {unknown}


   Skills:
 - Level 0.4 Fighting
 - Level 1.0 Short Blades
 - Level 0.8 Armour
 - Level 2.0 Dodging
 - Level 2.6 Stealth
 * Level 4.2 Spellcasting
 - Level 0.7 Transmutations
 * Level 6.1 Earth Magic


You had 12 spell levels left.
You knew the following spells:

 Your Spells              Type           Power        Failure   Level
a - Sandblast             Erth           ###...       1%          1

Your spell library contained the following spells:

 Spells                   Type           Power        Failure   Level
 Passwall                 Tmut/Erth      ###.....     8%          2
 Stone Arrow              Conj/Erth      ##....       17%         3
 Lee's Rapid Deconstruct  Erth           ###.......   41%         5
 Petrify                  Tmut/Erth      ###.....     43%         4


Dungeon Overview and Level Annotations

Branches:
Dungeon (5/15)             Temple (1/1) D:5

Altars:
Cheibriados
Elyvilon
Fedhas
Hepliaklqana
Kikubaaqudgha
Makhleb
Nemelex Xobeh
Okawaru
Qazlal
Ru
Uskayaw
Vehumet
Wu Jian
Xom
Yredelemnul
Zin
The Shining One

Annotations:
D:5 Duvessa


Innate Abilities, Weirdness & Mutations

You are resistant to torment.
Your stone body is resilient. (AC +4)
You are immune to poison.
You resist negative energy. (rN+)
You are resistant to electric shocks. (rElec)
You can survive without breathing.
You are immune to petrification.
You are immune to rotting.


Message History

Casting: Sandblast (safe; 1% risk of failure)
Confirm with . or Enter, or press ? or * to list all spells.
Aiming: Sandblast (safe; 1% risk of failure)
Press: ? - help, Shift-Dir - straight line, f - Duvessa
Aim: Duvessa, wielding a +0 short sword and wearing a +0 leather armour (berserk)
The blast of sand hits Duvessa!
Duvessa is moderately wounded.
b - 26 stones Duvessa hits you with a +0 short sword!
Okay, then.
Okay, then.
It was a potion of attraction.
You feel attractive to monsters. Duvessa hits you but does no damage.
Duvessa barely misses you.
It was a potion of haste.
You feel yourself speed up. Duvessa hits you with a +0 short sword.
* * * LOW HITPOINT WARNING * * *
Okay, then.
Duvessa is pulled toward you! Duvessa hits you with a +0 short sword!
You die...

##..................
##.........##.)......
#..........##........
#.8.8.8.....#........
#..⌠.⌠...............
#.8.>.8.....##.......
#(.⌠.⌠......# .....#.
#.8.8.8...?.###...##.
#.......#.).@e.......
#....................
######...............
##......#.......
###....#..)....
.....######...
#.....# .. ##....# .
#.....


You could see Duvessa (berserk).

Vanquished Creatures
  2 ogres (D:5)
  Dowan (D:5)
  An orc wizard (D:3)
  An adder (D:2)
  An adder zombie (D:5)
  An adder skeleton (D:5)
  3 worms
  A dart slug (D:2)
  A leopard gecko (D:3)
  6 orcs (D:3)
  3 ball pythons
  8 bats
  4 giant cockroaches
  5 goblins
  4 hobgoblins
  6 jackals
  3 kobolds
  2 frilled lizards
  6 rats
59 creatures vanquished.

Notes
Turn   | Place    | Note
-------+----------+-------------------------------------------
     0 | D:1      | dickylongcocking the Gargoyle Earth Elementalist began the
                  | quest for the Orb.
     0 | D:1      | Reached XP level 1. HP: 10/10 MP: 3/3
   145 | D:1      | Reached skill level 4 in Earth Magic
   145 | D:1      | Reached XP level 2. HP: 14/15 MP: 0/5
   360 | D:1      | You fall into a shaft and drop 1 floor!
   555 | D:2      | Reached XP level 3. HP: 19/19 MP: 3/6
   842 | D:2      | Found a snail-covered altar of Cheibriados.
  1420 | D:3      | Reached XP level 4. HP: 24/24 MP: 2/7
  1762 | D:3      | Reached skill level 1 in Short Blades
  2185 | D:3      | You fall into a shaft and drop 2 floors!
  2185 | D:5      | Entered Level 5 of the Dungeon
  2186 | D:5      | Noticed an ogre
  2194 | D:5      | Killed an ogre
  2195 | D:5      | Reached skill level 5 in Earth Magic
  2195 | D:5      | Reached XP level 5. HP: 28/28 MP: 1/10
  2196 | D:5      | Found a staircase to the Ecumenical Temple.
  2200 | D:5      | Noticed an ogre
  2205 | Temple   | Entered the Ecumenical Temple
  2452 | Temple   | Became a worshipper of Vehumet
  2491 | D:5      | Killed an ogre
  2492 | D:5      | Reached XP level 6. HP: 33/33 MP: 5/12
  2503 | D:5      | Noticed Dowan
  2506 | D:5      | Noticed Duvessa
  2510 | D:5      | Killed Dowan
  2511 | D:5      | Reached skill level 6 in Earth Magic
  2514 | D:5      | Slain by Duvessa

Illustrated notes

Levels and vault maps discovered:
D:1:      mushboom_english_gardens, layout_basic
D:2:      minmay_alternating_diamond, layout_loops_ring, kennysheep_slug_shrine
D:3:      layout_basic
D:5:      layout_cave_pools, old_standard_altar, kennysheep_mini,
          minmay_temple_entry_statues_fountains, uniq_sigmund, uniq_duvessa
Temple:   regret_index_temple_sphere_string

Skill      XL: |  1  2  3  4  5  6 |
---------------+-------------------+-----
Earth Magic    | 4 5 6 |  6.1
Dodging        | 2 |  2.0
Spellcasting   | 3 4 |  4.2
Short Blades   | 1 |  1.0
Fighting       | |  0.4
Armour         | |  0.8
Stealth        | |  2.6
Transmutations | |  0.7

Action                   |  1- 3 |  4- 6 || total
-------------------------+-------+-------++-------
Melee: Unarmed           |     9 |       ||     9
       Dagger            |    49 |    49 ||    98
       Flail             |       |     1 ||     1
 Cast: Sandblast         |    40 |    39 ||    79
  Use: Potion            |       |     2 ||     2
 Stab: Sleeping          |     3 |       ||     3
Armor: Robe              |    20 |       ||    20
       Leather armour    |    40 |    29 ||    69
Dodge: Dodged            |    86 |    43 ||   129

Table legend: (Time is in decaauts)
 A = Elapsed time spent in this place.
 B = Non-inter-level travel time spent in this place.
 C = Inter-level travel time spent in this place.
 D = Time resting spent in this place.
 E = Time spent auto-exploring this place.
 F = Levels seen in this place.
 G = Mean time per level.
                   A        B        C        D        E       F      G
               +--------+--------+--------+--------+--------+-----+--------+
         Total |   2512 |   2452 |     60 |    142 |   1817 |   5 |  502.4 |
       Dungeon |   2237 |   2204 |     33 |    142 |   1627 |   4 |  559.2 |
        Temple |    275 |    248 |     27 |      0 |    190 |   1 |  275.0 |
               +--------+--------+--------+--------+--------+-----+--------+

Top non-repeatable levels by time:
     D:3: 1037 daAuts
     D:2: 786 daAuts
     D:1: 359 daAuts
  Temple: 275 daAuts
     D:5: 53 daAuts
